[Event "7th Paul Keres Memorial Festival 2026 Classic A"]
[Site "ESTONIA Resort Hotel & Spa conference center, EE"]
[Date "2026.07.29"]
[Round "5"]
[White "Ostensen, Nicolai Maxime"]
[Black "Zeng, Chongsheng"]
[Result "0-1"]
[Board "2"]
[TimeControl "5400+30"]
[WhiteFideId "1546970"]
[BlackFideId "8603847"]
[WhiteElo "2407"]
[BlackElo "2565"]
[WhiteTitle "FM"]
[BlackTitle "GM"]
[WhiteClock "0:02:45"]
[BlackClock "0:01:52"]
[Variant "Standard"]
[EndDate "2026.07.29"]
[EndTime "17:23:09"]

1. e4 c6 2. d4 d5 3. exd5 cxd5 4. Bd3 Nc6 5. c3 Qc7 6. h3 e6 7. Nf3 Bd6 8. O-O Nge7 9. Re1 Bd7 10. b3 O-O 11. Na3 a6 12. Nc2 Ng6 13. Bb2 Nce7 14. Ne3 b5 15. Rc1 Rad8 16. Ng4 f6 17. c4 Qb7 18. Qc2 bxc4 19. bxc4 dxc4 20. Bxc4 Nf4 21. Qb3 Qa8 22. Ba3 Rb8 23. Qc3 Ned5 24. Qa5 Bxa3 25. Qxa3 Bb5 26. Bxd5 Qxd5 27. Rc7 Rbe8 28. Kh2 Qd8 29. Rec1 h5 30. Ne3 Ne2 31. R1c5 Nxd4 32. Nxd4 Qxd4 33. Rb7 Qd6+ 34. Kg1 Rf7 35. Rxf7 Kxf7 36. Qc3 h4 37. Qc2 Rd8 38. Rc7+ Rd7 39. Rc8 Bd3 40. Qa4 g5 41. Rc6 Qd4 42. Qd1 Rb7 43. Rc1 Qb2 44. a4 Qxc1 45. Qxc1 Rb1 46. Qxb1 Bxb1 47. Kf1 Ke7 48. Ke2 Kd6 49. Kd2 f5 50. Kc3 Kc5 51. f3 Ba2 52. Nc2 a5 53. f4 gxf4 54. Ne1 Bd5 55. Nd3+ Kd6 56. Nxf4 e5 0-1

[Event "7th Paul Keres Memorial Festival 2026 Classic A"]
[Site "ESTONIA Resort Hotel & Spa conference center, EE"]
[Date "2026.07.29"]
[Round "5"]
[White "Harikrishnan.A.Ra"]
[Black "Keinanen, Toivo"]
[Result "1/2-1/2"]
[Board "3"]
[TimeControl "5400+30"]
[WhiteFideId "5081483"]
[BlackFideId "509825"]
[WhiteElo "2519"]
[BlackElo "2495"]
[WhiteTitle "GM"]
[BlackTitle "IM"]
[WhiteClock "0:54:28"]
[BlackClock "0:58:14"]
[Variant "Standard"]
[EndDate "2026.07.29"]
[EndTime "14:38:13"]

1. Nf3 d5 2. g3 Nf6 3. Bg2 Nbd7 4. c4 c6 5. d4 dxc4 6. O-O e6 7. a4 b6 8. Na3 Bxa3 9. Rxa3 Ba6 10. Qc2 O-O 11. Nd2 c3 12. bxc3 Bxe2 13. Re1 Ba6 14. Bxc6 Rc8 15. Bg2 1/2-1/2

[Event "7th Paul Keres Memorial Festival 2026 Classic A"]
[Site "ESTONIA Resort Hotel & Spa conference center, EE"]
[Date "2026.07.29"]
[Round "5"]
[White "Haitin, Ilja"]
[Black "Lagarde, Maxime"]
[Result "1-0"]
[Board "4"]
[TimeControl "5400+30"]
[WhiteFideId "4501764"]
[BlackFideId "662399"]
[WhiteElo "2273"]
[BlackElo "2622"]
[WhiteTitle "FM"]
[BlackTitle "GM"]
[WhiteClock "0:01:02"]
[BlackClock "0:42:10"]
[Variant "Standard"]
[EndDate "2026.07.29"]
[EndTime "16:26:25"]

1. e4 c5 2. Nf3 e6 3. d4 cxd4 4. Nxd4 Nf6 5. Nc3 Nc6 6. Be2 d6 7. Be3 Be7 8. Qd2 O-O 9. O-O-O Nxd4 10. Bxd4 e5 11. Be3 Be6 12. Bg5 Rc8 13. Kb1 Rxc3 14. Bxf6 Rc6 15. Bxe7 Qxe7 16. Bb5 Rc5 17. Ba4 Rc4 18. Bb3 Rxe4 19. Qxd6 Qxd6 20. Rxd6 Bxb3 21. axb3 Re2 22. Rf1 Rc8 23. c3 f5 24. Kc1 Kf7 25. Rd2 Rxd2 26. Kxd2 Ke6 27. Ra1 a6 28. Ra4 g5 29. Ke2 h5 30. h4 g4 31. f4 gxf3+ 32. gxf3 Rc6 33. Ra1 Rb6 34. b4 Kd5 35. Rg1 a5 36. Rg5 f4 37. Kd3 Rd6 38. bxa5 Kc6+ 39. Ke4 Rd2 40. Kxe5 Rxb2 41. Kxf4 Rc2 42. Rxh5 Rxc3 43. Rf5 Kd6 44. h5 Rc1 45. Kg5 Ke6 46. Rb5 Rg1+ 47. Kf4 Rg7 48. Rb6+ Kd5 49. h6 Rf7+ 50. Kg5 Rxf3 51. h7 Rg3 52. Kh4 Rg1 53. Rh6 1-0

[Event "7th Paul Keres Memorial Festival 2026 Classic A"]
[Site "ESTONIA Resort Hotel & Spa conference center, EE"]
[Date "2026.07.29"]
[Round "5"]
[White "Juknis, Paulius"]
[Black "Fecker, Noah"]
[Result "1/2-1/2"]
[Board "5"]
[TimeControl "5400+30"]
[WhiteFideId "12802247"]
[BlackFideId "1334263"]
[WhiteElo "2157"]
[BlackElo "2371"]
[WhiteTitle "CM"]
[BlackTitle "FM"]
[WhiteClock "1:30:36"]
[BlackClock "1:30:28"]
[Variant "Standard"]
[EndDate "2026.07.29"]
[EndTime "15:23:08"]

1. d4 d5 2. Bf4 Bf5 3. c4 e6 4. Nc3 Nf6 5. e3 Bb4 6. Nf3 O-O 7. Be2 c5 8. O-O Nc6 9. cxd5 exd5 10. dxc5 Bxc3 11. bxc3 Ne4 12. c4 Nc3 13. Qd2 Nxe2+ 14. Qxe2 dxc4 15. Rfd1 Bd3 16. Qb2 b6 17. Ne1 bxc5 1/2-1/2

[Event "7th Paul Keres Memorial Festival 2026 Classic A"]
[Site "ESTONIA Resort Hotel & Spa conference center, EE"]
[Date "2026.07.29"]
[Round "5"]
[White "Maltsevskaya, Aleksandra"]
[Black "Kreken, Eivind Grunt"]
[Result "1-0"]
[Board "6"]
[TimeControl "5400+30"]
[WhiteFideId "24174041"]
[BlackFideId "1532359"]
[WhiteElo "2360"]
[BlackElo "2335"]
[WhiteTitle "IM"]
[BlackTitle "FM"]
[WhiteClock "0:03:46"]
[BlackClock "0:01:49"]
[Variant "Standard"]
[EndDate "2026.07.29"]
[EndTime "16:55:55"]

1. e4 e5 2. Nf3 Nc6 3. d4 exd4 4. Bc4 Nf6 5. e5 d5 6. Bb5 Nd7 7. O-O Be7 8. Bxc6 bxc6 9. Nxd4 Nb8 10. Nc3 O-O 11. Nb3 f6 12. exf6 Bxf6 13. Be3 Bxc3 14. bxc3 Nd7 15. Qd4 Qf6 16. f3 Ne5 17. Bf2 Nc4 18. Bg3 Bf5 19. Rf2 Rae8 20. Bxc7 Re3 21. Qxf6 Rxf6 22. Bb8 Re7 23. Bg3 Re3 24. Bb8 Re7 25. Nd4 Bg6 26. Bg3 c5 27. Nb3 Re3 28. Rd1 Ra6 29. Bf4 Rxc3 30. Rxd5 Rxa2 31. Rxc5 Bxc2 32. Nc1 Ra1 33. Rf1 Bg6 34. h4 h6 35. h5 Bf7 36. Re1 Raa3 37. Rc8+ Kh7 38. Re7 Bxh5 39. Ne2 Rc2 40. Nd4 Rcc3 41. Rcc7 Ra6 42. Rxg7+ Kh8 43. Rh7+ Kg8 44. Rcg7+ Kf8 45. Nf5 1-0

[Event "7th Paul Keres Memorial Festival 2026 Classic A"]
[Site "ESTONIA Resort Hotel & Spa conference center, EE"]
[Date "2026.07.29"]
[Round "5"]
[White "Kirk, Ezra"]
[Black "Ter-Avetisjana, Agnesa Stepania"]
[Result "1-0"]
[Board "7"]
[TimeControl "5400+30"]
[WhiteFideId "600067"]
[BlackFideId "11614900"]
[WhiteElo "2378"]
[BlackElo "2141"]
[WhiteTitle "IM"]
[BlackTitle "WIM"]
[WhiteClock "1:30:22"]
[BlackClock "1:30:31"]
[Variant "Standard"]
[EndDate "2026.07.29"]
[EndTime "16:49:00"]

1. Nf3 d5 2. c4 c6 3. g3 Nf6 4. Bg2 Bf5 5. Qb3 Qb6 6. d3 e6 7. Be3 Qxb3 8. axb3 a6 9. Nh4 Bg6 10. h3 Nbd7 11. Nc3 Be7 12. O-O O-O 13. Nxg6 hxg6 14. d4 Nb6 15. cxd5 exd5 16. Na4 Nbd7 17. Bf4 Rfe8 18. g4 Bb4 19. e3 Ne4 20. Bxe4 Rxe4 21. Nc3 Re6 22. h4 f6 23. Kg2 Kf7 24. Rad1 Rh8 25. Rh1 Ree8 26. Ne2 Rh7 27. Nc1 Nf8 28. Nd3 Be7 29. b4 Ne6 30. Bg3 Rhh8 31. Nc5 Nd8 32. Rhe1 a5 33. bxa5 Bxc5 34. dxc5 Re4 35. Rd4 Rhe8 36. Red1 Rxd4 37. Rxd4 Re4 38. Rxe4 dxe4 39. b4 Ke6 40. Bc7 Nf7 41. b5 Kd7 42. b6 Nh6 43. Bf4 Kc8 44. Bxh6 gxh6 45. h5 1-0

[Event "7th Paul Keres Memorial Festival 2026 Classic A"]
[Site "ESTONIA Resort Hotel & Spa conference center, EE"]
[Date "2026.07.29"]
[Round "5"]
[White "Berzina, Ilze"]
[Black "Grave, Jacob Templen"]
[Result "1/2-1/2"]
[Board "8"]
[TimeControl "5400+30"]
[WhiteFideId "11601345"]
[BlackFideId "1542656"]
[WhiteElo "2154"]
[BlackElo "2392"]
[WhiteTitle "WGM"]
[BlackTitle "FM"]
[WhiteClock "0:09:01"]
[BlackClock "0:03:24"]
[Variant "Standard"]
[EndDate "2026.07.29"]
[EndTime "16:54:05"]

1. e4 e5 2. Nf3 Nc6 3. Bc4 Nf6 4. d3 Bc5 5. c3 d6 6. Nbd2 O-O 7. O-O a5 8. Re1 Ba7 9. Nf1 Be6 10. Bb5 Ne7 11. Ng3 c6 12. Ba4 Ng6 13. Be3 Bxe3 14. fxe3 d5 15. exd5 cxd5 16. Bb3 Qb6 17. Qd2 h6 18. Kh1 Rad8 19. Rf1 Nd7 20. d4 e4 21. Ng1 f5 22. Nh3 Qd6 23. Qe2 Rf7 24. c4 dxc4 25. Bxc4 Nb6 26. b3 Nd5 27. Bxd5 Qxd5 28. Nh5 Bd7 29. N3f4 Nxf4 30. Nxf4 Qd6 31. Qh5 Rf6 32. Qe2 g5 33. Nh5 Rf7 34. Rac1 b6 35. Ng3 Qg6 36. Qc4 Rdf8 37. Qd5 h5 38. Rc7 Be6 39. Rc6 Rf6 40. Qe5 h4 41. Nh5 Qxh5 42. Rxe6 Qe2 43. Rg1 Kg7 44. Rxf6 Rxf6 45. Rc1 Kg6 46. Qe8+ Kh6 47. Qh8+ Kg6 48. Qe8+ Kh6 49. Qh8+ Kg6 50. Qe8+ 1/2-1/2

[Event "7th Paul Keres Memorial Festival 2026 Classic A"]
[Site "ESTONIA Resort Hotel & Spa conference center, EE"]
[Date "2026.07.29"]
[Round "5"]
[White "Krivonosov, Oleg"]
[Black "Povilaitis, Tomas"]
[Result "1/2-1/2"]
[Board "9"]
[TimeControl "5400+30"]
[WhiteFideId "11600349"]
[BlackFideId "12811700"]
[WhiteElo "2290"]
[BlackElo "2150"]
[WhiteTitle "IM"]
[WhiteClock "0:43:44"]
[BlackClock "0:21:47"]
[Variant "Standard"]
[EndDate "2026.07.29"]
[EndTime "15:49:23"]

1. d4 d5 2. c4 e6 3. Nc3 Nf6 4. Nf3 Be7 5. Bg5 h6 6. Bh4 O-O 7. e3 Ne4 8. Bxe7 Qxe7 9. Qc2 Nxc3 10. Qxc3 c6 11. Bd3 Nd7 12. O-O dxc4 13. Bxc4 b6 14. Rac1 Bb7 15. Rfd1 c5 16. Be2 Rfc8 17. dxc5 Nxc5 18. h3 Ne4 19. Qe5 Qf6 20. Qxf6 Nxf6 21. Ne5 Kf8 22. f3 Rxc1 23. Rxc1 Rc8 24. Rxc8+ Bxc8 25. e4 Bb7 26. Kf2 Ke7 27. Ke3 Ne8 28. f4 Nd6 29. Bd3 f5 30. Ng6+ Kf7 31. e5 Nc8 32. Nh4 g5 33. Nf3 gxf4+ 34. Kxf4 Ne7 35. Nh4 Bd5 36. a3 Nc6 37. g4 fxg4 38. hxg4 Nd4 1/2-1/2

[Event "7th Paul Keres Memorial Festival 2026 Classic A"]
[Site "ESTONIA Resort Hotel & Spa conference center, EE"]
[Date "2026.07.29"]
[Round "5"]
[White "Du, Yuxin"]
[Black "Ternault, Mathieu"]
[Result "0-1"]
[Board "10"]
[TimeControl "5400+30"]
[WhiteFideId "8610282"]
[BlackFideId "20641532"]
[WhiteElo "2019"]
[BlackElo "2281"]
[BlackTitle "FM"]
[WhiteClock "0:00:36"]
[BlackClock "0:01:02"]
[Variant "Standard"]
[EndDate "2026.07.29"]
[EndTime "16:50:15"]

1. Nf3 Nf6 2. g3 g6 3. Bg2 Bg7 4. O-O O-O 5. d4 Nc6 6. Nc3 d6 7. e4 Bg4 8. Be3 e5 9. d5 Nd4 10. Bxd4 exd4 11. Qxd4 Re8 12. Qd3 Nd7 13. Nd2 Nc5 14. Qe3 c6 15. Qf4 h5 16. Nc4 Bf8 17. h3 Bc8 18. a4 Qc7 19. a5 Nd7 20. Rfd1 Ne5 21. Nxe5 Rxe5 22. Qd2 Bd7 23. f4 Ree8 24. Kh2 c5 25. e5 dxe5 26. d6 Qd8 27. fxe5 Rxe5 28. Bxb7 Rb8 29. a6 h4 30. g4 Qb6 31. Qf4 Re6 32. Ne4 Bg7 33. Kh1 Rxb7 34. Ng5 Rf6 35. Qe3 Rb8 0-1

[Event "7th Paul Keres Memorial Festival 2026 Classic A"]
[Site "ESTONIA Resort Hotel & Spa conference center, EE"]
[Date "2026.07.30"]
[Round "6"]
[White "Zeng, Chongsheng"]
[Black "Kazakouski, Valery"]
[Result "1/2-1/2"]
[Board "1"]
[TimeControl "5400+30"]
[WhiteFideId "8603847"]
[BlackFideId "13507443"]
[WhiteElo "2565"]
[BlackElo "2594"]
[WhiteTitle "GM"]
[BlackTitle "GM"]
[WhiteClock "0:10:37"]
[BlackClock "0:32:30"]
[Variant "Standard"]
[EndDate "2026.07.30"]
[EndTime "16:10:49"]

1. d4 Nf6 2. c4 e6 3. Nf3 Bb4+ 4. Bd2 Qe7 5. g3 Nc6 6. Nc3 Bxc3 7. Bxc3 Ne4 8. Rc1 O-O 9. Bg2 d6 10. d5 Nb8 11. dxe6 fxe6 12. O-O a5 13. Be1 Nc5 14. Nd4 Nbd7 15. Nb5 Nf6 16. Rc3 Ra6 17. Ra3 b6 18. Re3 Ng4 19. Rc3 e5 20. h3 Nf6 21. Re3 Bb7 22. Bxb7 Nxb7 23. f4 c6 24. Nc3 Raa8 25. fxe5 dxe5 26. Rf5 Nd7 27. Rxf8+ Rxf8 28. Rf3 Rd8 29. Ne4 Ndc5 30. Qc2 Ne6 31. Bf2 Nd4 32. Bxd4 exd4 33. h4 h6 34. Qd3 c5 35. Rf4 Nd6 36. Nxd6 Rxd6 37. Re4 Re6 1/2-1/2

[Event "7th Paul Keres Memorial Festival 2026 Classic A"]
[Site "ESTONIA Resort Hotel & Spa conference center, EE"]
[Date "2026.07.30"]
[Round "6"]
[White "Laurusas, Tomas"]
[Black "Harikrishnan.A.Ra"]
[Result "1/2-1/2"]
[Board "2"]
[TimeControl "5400+30"]
[WhiteFideId "12803731"]
[BlackFideId "5081483"]
[WhiteElo "2511"]
[BlackElo "2519"]
[WhiteTitle "GM"]
[BlackTitle "GM"]
[WhiteClock "0:01:11"]
[BlackClock "0:12:17"]
[Variant "Standard"]
[EndDate "2026.07.30"]
[EndTime "18:12:56"]

1. d4 d5 2. c4 c6 3. Nf3 Nf6 4. Nc3 dxc4 5. a4 Bf5 6. Ne5 Nbd7 7. Nxc4 Qc7 8. g3 e5 9. dxe5 Nxe5 10. Bf4 Nfd7 11. Bg2 g5 12. Ne3 gxf4 13. Nxf5 O-O-O 14. Qc2 fxg3 15. hxg3 Kb8 16. O-O-O a5 17. Kb1 Nb6 18. Rxd8+ Qxd8 19. f4 Nec4 20. e4 Bb4 21. Rd1 Qc7 22. Bf1 Rd8 23. Rd3 f6 24. Be2 Rxd3 25. Qxd3 Qf7 26. Bd1 Qd7 27. Be2 Qe8 28. Bf3 Qf8 29. Kc2 Qc5 30. Qd8+ Ka7 31. Kb1 1/2-1/2

[Event "7th Paul Keres Memorial Festival 2026 Classic A"]
[Site "ESTONIA Resort Hotel & Spa conference center, EE"]
[Date "2026.07.30"]
[Round "6"]
[White "Keinanen, Toivo"]
[Black "Haitin, Ilja"]
[Result "1/2-1/2"]
[Board "3"]
[TimeControl "5400+30"]
[WhiteFideId "509825"]
[BlackFideId "4501764"]
[WhiteElo "2495"]
[BlackElo "2273"]
[WhiteTitle "IM"]
[BlackTitle "FM"]
[WhiteClock "0:07:51"]
[BlackClock "0:01:24"]
[Variant "Standard"]
[EndDate "2026.07.30"]
[EndTime "18:24:50"]

1. e4 e5 2. Nf3 Nf6 3. Nxe5 d6 4. Nf3 Nxe4 5. c4 Nc6 6. d3 Nf6 7. d4 d5 8. c5 a6 9. Nc3 g6 10. Bd3 Bg4 11. O-O Bxf3 12. Re1+ Be4 13. f3 Nxd4 14. fxe4 dxe4 15. Nxe4 Ne6 16. Qa4+ c6 17. Bg5 Be7 18. Bxf6 Bxf6 19. Nd6+ Kf8 20. Qb3 Kg7 21. Qxb7 Qc7 22. Qxc7 Nxc7 23. Bc4 Rhf8 24. Rad1 Nb5 25. a4 Nxd6 26. cxd6 Bxb2 27. Re7 c5 28. Rc7 Bd4+ 29. Kh1 Rad8 30. d7 a5 31. Re1 Rb8 32. Bb5 Rfd8 33. g3 Kf8 34. Kg2 Bc3 35. Re2 Bb4 36. Kf3 c4 37. Rxc4 Be7 38. Rce4 Rxb5 39. axb5 Rxd7 40. b6 Bc5 41. Rb2 Rb7 42. Rb5 Bg1 43. Rxa5 Rxb6 44. Kg2 Rb1 45. Ra8+ Kg7 46. Rc8 Bb6 47. Rc2 Rg1+ 48. Kh3 Rf1 49. Re7 h5 50. Rb7 Bd4 51. Kg2 Rf5 52. Rd7 Bb6 53. Re2 Bc5 54. Rc7 Bd4 55. Rb7 Bf6 56. h3 Bd4 57. Rd7 Bc3 58. g4 hxg4 59. hxg4 Rf4 60. Kg3 g5 61. Rd3 Bf6 62. Rf3 Ra4 63. Rf5 Ra3+ 64. Kf2 Ra4 65. Kf3 Ra3+ 66. Re3 Ra6 67. Rd3 Rb6 68. Ra3 Rc6 69. Rb5 Rc4 70. Rf5 Rc6 71. Ra4 Rc3+ 72. Ke4 Rg3 73. Kd5 Rd3+ 74. Kc5 Rc3+ 75. Rc4 Ra3 76. Kc6 Rg3 77. Rd5 Rf3 78. Kd7 Ra3 79. Rf5 Rd3+ 80. Kc6 Rg3 81. Kc7 Rd3 82. Kc8 Rd8+ 83. Kb7 Rd7+ 84. Kb6 Rd3 85. Kc7 Rd1 86. Rc2 Ra1 87. Rc6 Be7 88. Kd7 Re1 89. Rc2 Bf6 90. Rc6 Be7 91. Ra6 Re2 92. Rb5 Bf6 93. Rbb6 Rf2 94. Rb7 Rf4 95. Raa7 Rxg4 96. Kd6 Kg6 97. Rxf7 Rd4+ 98. Kc6 Rc4+ 99. Kd5 Rd4+ 100. Kc6 Rc4+ 101. Kb5 Rf4 102. Rf8 Rf1 103. Kc4 Rc1+ 104. Kd3 Rd1+ 105. Ke2 Rd6 106. Rb7 Ra6 107. Rfb8 Ra2+ 108. Kf3 Ra4 109. Rb4 Ra1 110. Rg8+ Kf7 111. Rc8 Kg6 112. Rc6 Rf1+ 113. Kg3 Rf5 114. Rb3 Rf4 115. Rc5 Ra4 116. Rc6 Rf4 117. Ra6 Rf1 118. Rb7 Rf4 119. Rb8 Kf5 120. Rf8 Rg4+ 121. Kh3 Rh4+ 122. Kg2 Rg4+ 123. Kf3 Rf4+ 124. Ke3 Kg6 125. Re8 Rf1 126. Rg8+ Kf7 127. Rc8 Rf4 128. Rc2 Kg6 129. Rf2 Rxf2 130. Kxf2 Kf5 131. Ke3 g4 132. Ra5+ Be5 133. Rb5 g3 134. Kf3 Ke6 135. Ke4 g2 136. Rb1 Bh2 137. Rd1 g1=Q 138. Rxg1 1/2-1/2

[Event "7th Paul Keres Memorial Festival 2026 Classic A"]
[Site "ESTONIA Resort Hotel & Spa conference center, EE"]
[Date "2026.07.30"]
[Round "6"]
[White "Ostensen, Nicolai Maxime"]
[Black "Maltsevskaya, Aleksandra"]
[Result "1/2-1/2"]
[Board "4"]
[TimeControl "5400+30"]
[WhiteFideId "1546970"]
[BlackFideId "24174041"]
[WhiteElo "2407"]
[BlackElo "2360"]
[WhiteTitle "FM"]
[BlackTitle "IM"]
[WhiteClock "0:00:49"]
[BlackClock "0:02:08"]
[Variant "Standard"]
[EndDate "2026.07.30"]
[EndTime "17:20:29"]

1. c4 e6 2. g3 d5 3. Bg2 dxc4 4. Qa4+ c6 5. Qxc4 c5 6. Nf3 Nf6 7. O-O Be7 8. Qc2 O-O 9. Rd1 Nc6 10. Nc3 e5 11. b3 Bg4 12. d3 Rc8 13. Qb2 Qd7 14. Bg5 h6 15. Bxf6 Bxf6 16. Ne4 Be7 17. Rac1 b6 18. Nxe5 Nxe5 19. Qxe5 Bxe2 20. Nxc5 Bxc5 21. Qxe2 Rfe8 22. Qd2 Bd4 23. Rc4 b5 24. Rxc8 Rxc8 25. Bf3 Qc7 26. Bg4 Rd8 27. Rc1 Qd6 28. Bf3 Bb6 29. Be4 Qe5 30. Rc2 h5 31. Kg2 g6 32. h4 Kg7 33. Qg5 f5 34. Bf3 Qf6 35. Qxf6+ Kxf6 36. Rc6+ Kf7 37. Be2 b4 38. Kf1 Rd4 39. Ke1 Kg7 40. Bf1 Rd5 41. Rc4 Rd4 42. Rc2 Rd5 43. Kd1 Kf6 44. f3 Rd4 45. Rc6+ Kg7 46. Be2 f4 47. gxf4 Rxf4 48. Rc4 Bd4 49. Ke1 Rxh4 50. Kf1 a5 51. Kg2 Kf6 52. Rc6+ Kf5 53. Ra6 Be5 54. f4 Kxf4 55. Rxg6 Ke3 56. Re6 Kd4 57. Rc6 Rh2+ 58. Kf3 h4 59. Rc4+ Kd5 60. Ke3 h3 61. Rh4 Bf6 62. Rh5+ Kd6 63. Rxa5 Rh1 64. Rh5 h2 65. Bf3 Re1+ 66. Kf2 Ra1 1/2-1/2

[Event "7th Paul Keres Memorial Festival 2026 Classic A"]
[Site "ESTONIA Resort Hotel & Spa conference center, EE"]
[Date "2026.07.30"]
[Round "6"]
[White "Fecker, Noah"]
[Black "Kirk, Ezra"]
[Result "0-1"]
[Board "5"]
[TimeControl "5400+30"]
[WhiteFideId "1334263"]
[BlackFideId "600067"]
[WhiteElo "2371"]
[BlackElo "2378"]
[WhiteTitle "FM"]
[BlackTitle "IM"]
[WhiteClock "0:01:03"]
[BlackClock "0:01:58"]
[Variant "Standard"]
[EndDate "2026.07.30"]
[EndTime "17:13:15"]

1. e4 c5 2. Nf3 d6 3. Bb5+ Nd7 4. O-O a6 5. Be2 Ngf6 6. d3 e6 7. c4 Be7 8. Nc3 O-O 9. d4 cxd4 10. Nxd4 Qc7 11. Be3 b6 12. Rc1 Bb7 13. f3 Rac8 14. Qd2 Rfe8 15. Rfd1 Qb8 16. Kh1 Bf8 17. Bf1 h5 18. Bg5 Qa8 19. Nc2 Be7 20. Qe1 Ne5 21. Na4 Qa7 22. b3 Bc6 23. Nc3 Ng6 24. Nd4 Bd7 25. a4 Qb8 26. Be3 h4 27. Qf2 Bd8 28. Nde2 Nh5 29. g4 hxg3 30. hxg3 Nf6 31. Nf4 Ne5 32. Kg2 Bc6 33. g4 Nh7 34. Be2 Nf8 35. Rh1 Nfg6 36. Nh5 b5 37. cxb5 Ba8 38. b6 f5 39. gxf5 exf5 40. Bxa6 fxe4 41. Bxc8 exf3+ 42. Kf1 Qxc8 43. Nb5 Qf5 44. Qc2 Be4 45. Nxd6 Bd3+ 46. Ke1 Bxc2 47. Nxf5 Bxf5 48. b7 Ba5+ 49. Kf1 Ng4 50. Ba7 Rb8 51. b4 Bd3+ 52. Kg1 Rxb7 53. Rh3 f2+ 54. Bxf2 Nxf2 55. Rc8+ Nf8 56. Kxf2 Bf5 57. Rxf8+ Kxf8 58. Rf3 Bb6+ 59. Kg3 g6 0-1

[Event "7th Paul Keres Memorial Festival 2026 Classic A"]
[Site "ESTONIA Resort Hotel & Spa conference center, EE"]
[Date "2026.07.30"]
[Round "6"]
[White "Ternault, Mathieu"]
[Black "Juknis, Paulius"]
[Result "1-0"]
[Board "6"]
[TimeControl "5400+30"]
[WhiteFideId "20641532"]
[BlackFideId "12802247"]
[WhiteElo "2281"]
[BlackElo "2157"]
[WhiteTitle "FM"]
[BlackTitle "CM"]
[WhiteClock "0:01:05"]
[BlackClock "0:06:01"]
[Variant "Standard"]
[EndDate "2026.07.30"]
[EndTime "16:49:01"]

1. d4 f5 2. Bf4 Nf6 3. e3 d6 4. Nc3 g6 5. h4 h6 6. Qf3 Bg7 7. Qg3 Kf7 8. Nh3 Nc6 9. O-O-O e6 10. Bc4 a6 11. Bb3 Na5 12. e4 Nxb3+ 13. axb3 Bd7 14. e5 Nh5 15. Qe3 Nxf4 16. Nxf4 Qe7 17. h5 gxh5 18. Nxh5 Rag8 19. g4 fxg4 20. Ne4 dxe5 21. Nxg7 Kxg7 22. Qg3 Bc6 23. Qxe5+ Kf8 24. Rhe1 Bxe4 25. Qxe4 c6 26. d5 cxd5 27. Rxd5 Rg5 28. Rxg5 hxg5 29. Qxg4 Rh4 30. Qg3 Qb4 31. Qb8+ Kf7 32. Qc7+ Qe7 33. Qc8 Rh7 34. Kb1 Kf6 35. Re3 Qd7 36. Qg8 Rg7 37. Qf8+ Rf7 38. Qh6+ Kf5 39. Rf3+ Ke4 40. Rd3 Qe7 1-0

[Event "7th Paul Keres Memorial Festival 2026 Classic A"]
[Site "ESTONIA Resort Hotel & Spa conference center, EE"]
[Date "2026.07.30"]
[Round "6"]
[White "Lagarde, Maxime"]
[Black "Berzina, Ilze"]
[Result "1/2-1/2"]
[Board "7"]
[TimeControl "5400+30"]
[WhiteFideId "662399"]
[BlackFideId "11601345"]
[WhiteElo "2622"]
[BlackElo "2154"]
[WhiteTitle "GM"]
[BlackTitle "WGM"]
[WhiteClock "0:58:31"]
[BlackClock "0:37:31"]
[Variant "Standard"]
[EndDate "2026.07.30"]
[EndTime "15:06:05"]

1. d4 d5 2. c4 e6 3. Nc3 c6 4. Nf3 dxc4 5. g3 b5 6. Bg2 Bb7 7. O-O Nd7 8. e4 Ngf6 9. Qe2 Be7 10. h4 O-O 11. Rd1 b4 12. e5 bxc3 13. exf6 Bxf6 14. Ne5 cxb2 15. Bxb2 Nb6 16. a4 a5 17. Ba3 Be7 18. Bc5 Bxc5 19. dxc5 Nd5 20. Qxc4 Qc7 21. Qd4 Ba6 22. h5 Be2 23. Re1 Bxh5 24. Nc4 1/2-1/2

[Event "7th Paul Keres Memorial Festival 2026 Classic A"]
[Site "ESTONIA Resort Hotel & Spa conference center, EE"]
[Date "2026.07.30"]
[Round "6"]
[White "Grave, Jacob Templen"]
[Black "Povilaitis, Tomas"]
[Result "0-1"]
[Board "8"]
[TimeControl "5400+30"]
[WhiteFideId "1542656"]
[BlackFideId "12811700"]
[WhiteElo "2392"]
[BlackElo "2150"]
[WhiteTitle "FM"]
[WhiteClock "0:00:56"]
[BlackClock "0:08:27"]
[Variant "Standard"]
[EndDate "2026.07.30"]
[EndTime "17:01:03"]

1. d4 d5 2. c4 c6 3. Nc3 Nf6 4. e3 g6 5. Nf3 Bg7 6. Bd3 O-O 7. O-O Bg4 8. h3 Bxf3 9. Qxf3 e6 10. b4 Nbd7 11. Rb1 dxc4 12. Bxc4 e5 13. Bb3 exd4 14. exd4 Nb6 15. Rd1 Nfd5 16. a3 Nxc3 17. Qxc3 Nd5 18. Qf3 a6 19. g3 Qd7 20. Kg2 Rfe8 21. h4 h5 22. Bg5 Re6 23. Rbc1 Rd6 24. Rc5 Re8 25. Bf4 Nxf4+ 26. Qxf4 Rf6 27. Qd2 Qg4 28. Qd3 Qe2 29. Qxe2 Rxe2 30. Rf1 Rb2 31. Bc4 Rd6 32. g4 Bxd4 33. Ra5 b5 34. Bd3 hxg4 35. Rxa6 Rf6 36. Be4 Bxf2 37. Rxc6 Bc5+ 38. Kg3 Bd6+ 39. Rxd6 Rxd6 40. h5 f5 41. Bb7 Rb3+ 42. Kf4 gxh5 43. Ke5 Rbd3 44. Rxf5 Rd7 45. Bc6 Re7+ 46. Kf4 Rf7 47. Rxf7 Kxf7 48. Kg5 Rh3 49. Kf4 Kf6 50. Bxb5 Rf3+ 51. Ke4 Rxa3 52. Bc6 Rb3 53. b5 Kg5 0-1

[Event "7th Paul Keres Memorial Festival 2026 Classic A"]
[Site "ESTONIA Resort Hotel & Spa conference center, EE"]
[Date "2026.07.30"]
[Round "6"]
[White "Kreken, Eivind Grunt"]
[Black "Beniosev, Daniel"]
[Result "1-0"]
[Board "9"]
[TimeControl "5400+30"]
[WhiteFideId "1532359"]
[BlackFideId "11632674"]
[WhiteElo "2335"]
[BlackElo "1954"]
[WhiteTitle "FM"]
[BlackTitle "CM"]
[WhiteClock "0:08:22"]
[BlackClock "0:01:03"]
[Variant "Standard"]
[EndDate "2026.07.30"]
[EndTime "16:45:21"]

1. e4 c5 2. Nf3 e6 3. d4 cxd4 4. Nxd4 Nc6 5. Nc3 Qc7 6. Be3 a6 7. Qf3 Nf6 8. O-O-O Ne5 9. Qg3 b5 10. a3 Bb7 11. Bf4 d6 12. Ncxb5 axb5 13. Bxb5+ Ned7 14. e5 Ne4 15. exd6 Qb6 16. Qb3 Kd8 17. Rhe1 Ndc5 18. Qe3 Nxd6 19. Nf5 Qxb5 20. Bxd6 exf5 21. Bxf8+ Nd7 22. Qe7+ Kc8 23. Bxg7 Rd8 24. Bf6 Rg8 25. Re5 Qc6 26. Rd6 Qc7 27. Qe8+ Rxe8 28. Rxe8+ Qd8 29. Rxd8+ 1-0

[Event "7th Paul Keres Memorial Festival 2026 Classic A"]
[Site "ESTONIA Resort Hotel & Spa conference center, EE"]
[Date "2026.07.30"]
[Round "6"]
[White "Praczukowski, Stanislaw"]
[Black "Krivonosov, Oleg"]
[Result "1/2-1/2"]
[Board "10"]
[TimeControl "5400+30"]
[WhiteFideId "1182730"]
[BlackFideId "11600349"]
[WhiteElo "2159"]
[BlackElo "2290"]
[BlackTitle "IM"]
[WhiteClock "1:28:00"]
[BlackClock "1:33:17"]
[Variant "Standard"]
[EndDate "2026.07.30"]
[EndTime "13:28:44"]

1. e4 e5 2. Nf3 Nc6 3. Bb5 Nf6 4. O-O Nxe4 5. Re1 Nd6 6. a4 Be7 7. Nc3 O-O 8. d4 e4 9. Nxe4 Nxe4 10. Rxe4 a6 11. Bf1 d5 12. Re1 Bf5 13. c3 1/2-1/2